| TOP OF THE 1ST |
|
West Virginia Power batting - Pitching for Hartford Yard Goats : LHP Jason Peck
|
|
Pitching: LHP Jason Peck
|
|
|
Batting: RHB Terrence Wilson
|
0-0: Bunt missed! 0-1: Foul Ball, location: 2F 0-2: Ground out U3 (Groundball, 34S, EV 91.9 MPH)
|
|
Batting: RHB Tim Moore
|
0-0: Ball 1-0: Called Strike 1-1: Called Strike 1-2: Ball 2-2: SOLO HOME RUN (Flyball, 9D, EV 98.1 MPH), Distance : 370 ft
|
|
Batting: RHB Brandon White
|
0-0: Ball 1-0: Ball 2-0: Ball 3-0: Called Strike 3-1: Swinging Strike 3-2: Base on Balls
|
|
Batting: RHB Jose Almonte
|
0-0: SINGLE (Line Drive, 89S, EV 98.8 MPH) Brandon White to second Runner from 2nd tries for 3rd, SAFE, throw by CF made to third
|
|
Batting: RHB Dave Fredericks
|
0-0: Called Strike 0-1: Ball 1-1: SINGLE (Groundball, 56D, EV 101.9 MPH) Brandon White scores Jose Almonte to second
|
|
Batting: RHB Alain Marquet
|
0-0: Foul Ball, location: 2F 0-1: Fly out, F4 (Flyball, 4MD, EV 95.0 MPH)
|
|
Batting: RHB Chris Beckham
|
0-0: Called Strike 0-1: Ball 1-1: SINGLE (Groundball, 6D, EV 103.8 MPH) Jose Almonte to third Dave Fredericks to second Runner from 3rd tries for Home, SAFE, throw by LF to home
|
|
Batting: RHB John DeVillier
|
0-0: Foul Ball, location: 2F 0-1: Ground out 5-3 (Groundball, 15, EV 87.5 MPH)
|
| Top of the 1st over - 3 runs, 4 hits, 0 errors, 2 left on base; West Virginia 3 - Hartford 0 |
| BOTTOM OF THE 1ST |
|
Hartford Yard Goats batting - Pitching for West Virginia Power : RHP Nelson Villalva
|
|
Pitching: RHP Nelson Villalva
|
|
|
Batting: SHB Clayton Saunders
|
0-0: SINGLE (Groundball, P, EV 93.1 MPH) (infield hit)
|
|
Batting: LHB Mick Tucker
|
0-0: Called Strike 0-1: Ball Wild Pitch! Clayton Saunders to second 1-1: Ball 2-1: Ball 3-1: Base on Balls
|
|
Batting: RHB Andy Rayer
|
0-0: Ball 1-0: Called Strike 1-1: Ball 2-1: Fly out, F7 (Line Drive, 7, EV 97.5 MPH)
|
|
Batting: RHB John Corfield
|
0-0: Ball 1-0: Ball 2-0: Fly out, F9 (Flyball, 89D, EV 70.6 MPH) Runner from 2nd tags up, SAFE at 3rd, no throw by RF
|
|
Batting: RHB Zakhar Edelman
|
0-0: Ball 1-0: Ball 2-0: Ball 3-0: Called Strike 3-1: Foul Ball, location: 2F 3-2: Fly out, F7 (Line Drive, 78M, EV 90.0 MPH)
|
| Bottom of the 1st over - 0 runs, 1 hit, 0 errors, 2 left on base; West Virginia 3 - Hartford 0 |
| TOP OF THE 2ND |
|
West Virginia Power batting - Pitching for Hartford Yard Goats : LHP Jason Peck
|
|
Batting: RHB Seung-mun Kim
|
0-0: Foul Ball, location: 2F 0-1: Called Strike 0-2: Fly out, F6 (Line Drive, 6, EV 68.1 MPH)
|
|
Batting: RHB Terrence Wilson
|
0-0: Ball 1-0: Ground out 6-3 (Groundball, 6S, EV 67.5 MPH)
|
|
Batting: RHB Tim Moore
|
0-0: Ball 1-0: Ball 2-0: Called Strike 2-1: Ball 3-1: Called Strike 3-2: Base on Balls
|
|
Batting: RHB Brandon White
|
0-0: Ground out 4-3 (Groundball, 4, EV 85.0 MPH)
|
| Top of the 2nd over - 0 runs, 0 hits, 0 errors, 1 left on base; West Virginia 3 - Hartford 0 |
| BOTTOM OF THE 2ND |
|
Hartford Yard Goats batting - Pitching for West Virginia Power : RHP Nelson Villalva
|
|
Batting: SHB Craig Ruzic
|
0-0: Ball 1-0: Ball 2-0: Ball 3-0: Called Strike 3-1: Foul Ball, location: 2F 3-2: SINGLE (Line Drive, 6D, EV 96.9 MPH)
|
|
Batting: RHB Manny Thompson
|
0-0: Ball 1-0: Fly out, F9 (Flyball, 9, EV 81.9 MPH)
|
|
Batting: SHB Justin Jackson
|
0-0: Swinging Strike 0-1: Ball 1-1: Called Strike 1-2: Ball 2-2: Strikes out swinging Craig Ruzic steals 2nd base Batter strikes out.
|
|
Batting: RHB Ighlas Mwara
|
0-0: Ball 1-0: Swinging Strike 1-1: Ground out 6-3 (Groundball, 6M, EV 101.2 MPH)
|
| Bottom of the 2nd over - 0 runs, 1 hit, 0 errors, 1 left on base; West Virginia 3 - Hartford 0 |
| TOP OF THE 3RD |
|
West Virginia Power batting - Pitching for Hartford Yard Goats : LHP Jason Peck
|
|
Batting: RHB Jose Almonte
|
0-0: Foul Ball, location: 2F 0-1: Fly out, F8 (Flyball, 8RM, EV 86.9 MPH)
|
|
Batting: RHB Dave Fredericks
|
0-0: Ball 1-0: Ball 2-0: Foul Ball, location: 2F 2-1: Ground out 1-3 (Groundball, P, EV 69.4 MPH)
|
|
Batting: RHB Alain Marquet
|
0-0: Called Strike 0-1: Ball 1-1: Ball 2-1: Swinging Strike 2-2: Foul Ball, location: 2F 2-2: Ball 3-2: Foul Ball, location: 2F 3-2: Foul Ball, location: 2F 3-2: Base on Balls
|
|
Batting: RHB Chris Beckham
|
0-0: Ball 1-0: Ball 2-0: Called Strike 2-1: Fielders Choice at 2nd, 6-4 (Groundball, 6, EV 88.8 MPH)
|
| Top of the 3rd over - 0 runs, 0 hits, 0 errors, 1 left on base; West Virginia 3 - Hartford 0 |
| BOTTOM OF THE 3RD |
|
Hartford Yard Goats batting - Pitching for West Virginia Power : RHP Nelson Villalva
|
|
Batting: SHB Clayton Saunders
|
0-0: Ball 1-0: Called Strike 1-1: Ground out 4-3 (Groundball, 4, EV 91.2 MPH)
|
|
Batting: LHB Mick Tucker
|
0-0: Called Strike 0-1: Foul Ball, location: 2F 0-2: Ball 1-2: Ball 2-2: Ball 3-2: TRIPLE (Line Drive, 8LXD, EV 101.9 MPH)
|
|
Batting: RHB Andy Rayer
|
0-0: Swinging Strike 0-1: Called Strike 0-2: Foul Ball, location: 2F 0-2: TRIPLE (Flyball, 89XD, EV 96.2 MPH) Mick Tucker scores
|
|
Batting: RHB John Corfield
|
0-0: Ball 1-0: SINGLE (Flyball, 34D, EV 82.5 MPH) Andy Rayer scores
|
|
Batting: RHB Zakhar Edelman
|
0-0: Ball 1-0: Fielders Choice at 2nd, 4-6 (Groundball, 4M, EV 98.8 MPH)
|
|
Batting: SHB Craig Ruzic
|
0-0: Ball 1-0: Foul Ball, location: 2F 1-1: Ball 2-1: Foul Ball, location: 2F 2-2: Ball Zakhar Edelman steals 2nd base 3-2: Base on Balls
|
|
Batting: RHB Manny Thompson
|
0-0: Ball 1-0: Ball 2-0: Ball 3-0: Base on Balls Zakhar Edelman to third Craig Ruzic to second
|
|
Batting: SHB Justin Jackson
|
0-0: Ball 1-0: Ball 2-0: Ball 3-0: Called Strike 3-1: Base on Balls Zakhar Edelman scores Craig Ruzic to third Manny Thompson to second
|
|
Batting: RHB Ighlas Mwara
|
0-0: Ball 1-0: Ball 2-0: Called Strike 2-1: SINGLE (Groundball, 4MD, EV 107.5 MPH) Craig Ruzic scores Manny Thompson to third Justin Jackson to second
|
|
Batting: SHB Clayton Saunders
|
0-0: Ground out 1-3 (Groundball, 25, EV 73.1 MPH)
|
| Bottom of the 3rd over - 4 runs, 4 hits, 0 errors, 3 left on base; West Virginia 3 - Hartford 4 |
| TOP OF THE 4TH |
|
West Virginia Power batting - Pitching for Hartford Yard Goats : LHP Jason Peck
|
|
Batting: RHB John DeVillier
|
0-0: Called Strike 0-1: Ball 1-1: Ground out 6-3 (Groundball, 6, EV 100.6 MPH)
|
|
Batting: RHB Seung-mun Kim
|
0-0: Ball 1-0: Ball 2-0: Foul Ball, location: 2F 2-1: Fly out, F7 (Flyball, 78M, EV 82.5 MPH)
|
|
Batting: RHB Terrence Wilson
|
0-0: Foul Ball, location: 2F 0-1: Ground out 1-3 (Groundball, 13S, EV 73.1 MPH)
|
| Top of the 4th over - 0 runs, 0 hits, 0 errors, 0 left on base; West Virginia 3 - Hartford 4 |
| BOTTOM OF THE 4TH |
|
Hartford Yard Goats batting - Pitching for West Virginia Power : RHP Nelson Villalva
|
|
Batting: LHB Mick Tucker
|
0-0: Called Strike 0-1: Foul Ball, location: 2F 0-2: Ball 1-2: Strikes out swinging
|
|
Batting: RHB Andy Rayer
|
0-0: Ball 1-0: Fly out, F8 (Flyball, 8LS, EV 88.1 MPH)
|
|
Batting: RHB John Corfield
|
0-0: Ball 1-0: Ball 2-0: Swinging Strike 2-1: Ball 3-1: Swinging Strike 3-2: Foul Ball, location: 2F 3-2: Strikes out swinging
|
| Bottom of the 4th over - 0 runs, 0 hits, 0 errors, 0 left on base; West Virginia 3 - Hartford 4 |
| TOP OF THE 5TH |
|
West Virginia Power batting - Pitching for Hartford Yard Goats : LHP Jason Peck
|
|
Batting: RHB Tim Moore
|
0-0: Ground out 4-3 (Groundball, 13, EV 84.4 MPH)
|
|
Batting: RHB Brandon White
|
0-0: Ball 1-0: Swinging Strike 1-1: SINGLE (Flyball, 78S, EV 88.8 MPH)
|
|
Batting: RHB Jose Almonte
|
0-0: Ball 1-0: Called Strike 1-1: Swinging Strike 1-2: Ball 2-2: Fly out, F3 (Popup, 23F, EV 89.4 MPH)
|
|
Batting: RHB Dave Fredericks
|
0-0: Ball 1-0: SINGLE (Groundball, 56D, EV 100.6 MPH) Brandon White to second
|
|
Batting: RHB Alain Marquet
|
0-0: Ball 1-0: Swinging Strike 1-1: Fielders Choice at 2nd, U4 (Groundball, 4M, EV 85.6 MPH)
|
| Top of the 5th over - 0 runs, 2 hits, 0 errors, 2 left on base; West Virginia 3 - Hartford 4 |
| BOTTOM OF THE 5TH |
|
Hartford Yard Goats batting - Pitching for West Virginia Power : RHP Nelson Villalva
|
|
Pitching: RHP Bobby Detmer
|
|
|
Batting: RHB Zakhar Edelman
|
0-0: Called Strike 0-1: Swinging Strike 0-2: Ball 1-2: DOUBLE (Flyball, 9LD, EV 94.4 MPH)
|
|
Batting: SHB Craig Ruzic
|
0-0: Swinging Strike 0-1: DOUBLE (Line Drive, 89D, EV 101.2 MPH) Zakhar Edelman scores
|
|
Batting: RHB Manny Thompson
|
0-0: Foul Ball, location: 2F 0-1: Swinging Strike 0-2: Ball 1-2: Strikes out swinging
|
|
Batting: SHB Justin Jackson
|
0-0: Called Strike 0-1: Foul Ball, location: 2F 0-2: Ball 1-2: Ball 2-2: Ball 3-2: Fly out, F9 (Flyball, 9S, EV 96.2 MPH)
|
|
Batting: RHB Ighlas Mwara
|
0-0: Called Strike 0-1: Swinging Strike 0-2: Strikes out swinging
|
| Bottom of the 5th over - 1 run, 2 hits, 0 errors, 1 left on base; West Virginia 3 - Hartford 5 |
| TOP OF THE 6TH |
|
West Virginia Power batting - Pitching for Hartford Yard Goats : LHP Jason Peck
|
|
Pitching: RHP Ricardo Roman
|
|
|
Batting: RHB Chris Beckham
|
0-0: Ball 1-0: Ball 2-0: Called Strike 2-1: Swinging Strike 2-2: Foul Ball, location: 2F 2-2: Ball 3-2: Foul Ball, location: 2F 3-2: Strikes out looking
|
|
Batting: RHB John DeVillier
|
0-0: Ball 1-0: Called Strike 1-1: Foul Ball, location: 2F 1-2: Ball 2-2: Foul Ball, location: 2F 2-2: Ground out 6-3 (Groundball, 6, EV 107.5 MPH)
|
|
Batting: RHB Seung-mun Kim
|
0-0: Ball 1-0: Ground out 5-3 (Groundball, 56S, EV 91.2 MPH)
|
| Top of the 6th over - 0 runs, 0 hits, 0 errors, 0 left on base; West Virginia 3 - Hartford 5 |
| BOTTOM OF THE 6TH |
|
Hartford Yard Goats batting - Pitching for West Virginia Power : RHP Bobby Detmer
|
|
Batting: SHB Clayton Saunders
|
0-0: Called Strike 0-1: Foul Ball, location: 2F 0-2: Ball 1-2: Ball 2-2: Foul Ball, location: 2F 2-2: Strikes out swinging
|
|
Batting: LHB Mick Tucker
|
0-0: Called Strike 0-1: Ball 1-1: Ball 2-1: Called Strike 2-2: Ball 3-2: Foul Ball, location: 2F 3-2: Foul Ball, location: 2F 3-2: Strikes out swinging
|
|
Batting: RHB Andy Rayer
|
0-0: Ball 1-0: Ball 2-0: Fly out, F7 (Line Drive, 7D, EV 91.2 MPH)
|
| Bottom of the 6th over - 0 runs, 0 hits, 0 errors, 0 left on base; West Virginia 3 - Hartford 5 |
| TOP OF THE 7TH |
|
West Virginia Power batting - Pitching for Hartford Yard Goats : RHP Ricardo Roman
|
|
Batting: RHB Terrence Wilson
|
0-0: Called Strike 0-1: Ball 1-1: Ball 2-1: Ball 3-1: Foul Ball, location: 2F 3-2: Foul Ball, location: 2F 3-2: Base on Balls
|
|
Batting: RHB Tim Moore
|
0-0: Ball 1-0: SINGLE (Groundball, 56D, EV 106.2 MPH) Terrence Wilson to second
|
|
Batting: RHB Brandon White
|
0-0: Ball 1-0: Foul Ball, location: 2F 1-1: Called Strike Tim Moore steals 2nd base Terrence Wilson steals 3rd base 1-2: Foul Ball, location: 2F 1-2: Strikes out swinging
|
|
Pitching: LHP Domenic Wells
|
|
|
Batting: RHB Jose Almonte
|
0-0: Ball 1-0: Ball 2-0: Swinging Strike 2-1: Called Strike 2-2: Foul Ball, location: 2F 2-2: SINGLE (Groundball, 5D, EV 105.0 MPH) Terrence Wilson scores Tim Moore to third
|
|
Batting: RHB Dave Fredericks
|
0-0: Ball 1-0: Called Strike 1-1: Ball 2-1: Foul Ball, location: 2F 2-2: Strikes out swinging
|
|
Batting: RHB Alain Marquet
|
0-0: Ball 1-0: Called Strike 1-1: Hit by Pitch Jose Almonte to second
|
|
Batting: RHB Chris Beckham
|
0-0: Foul Ball, location: 2F 0-1: Swinging Strike 0-2: Strikes out swinging
|
| Top of the 7th over - 1 run, 2 hits, 0 errors, 3 left on base; West Virginia 4 - Hartford 5 |
| BOTTOM OF THE 7TH |
|
Hartford Yard Goats batting - Pitching for West Virginia Power : RHP Bobby Detmer
|
|
Pitching: RHP Adam Monge
|
|
|
Batting: RHB John Corfield
|
0-0: Ball 1-0: Foul Ball, location: 2F 1-1: Foul Ball, location: 2F 1-2: Ball 2-2: Ground out 6-3 (Groundball, 6, EV 80.0 MPH)
|
|
Batting: RHB Zakhar Edelman
|
0-0: Foul Ball, location: 2F 0-1: Ball 1-1: Called Strike 1-2: Strikes out swinging
|
|
Batting: SHB Craig Ruzic
|
0-0: Ball 1-0: Ball 2-0: Called Strike 2-1: SINGLE (Groundball, 6MD, EV 98.1 MPH)
|
|
Batting: RHB Manny Thompson
|
0-0: Ground out 4-3 (Groundball, 34S, EV 85.6 MPH)
|
| Bottom of the 7th over - 0 runs, 1 hit, 0 errors, 1 left on base; West Virginia 4 - Hartford 5 |
| TOP OF THE 8TH |
|
West Virginia Power batting - Pitching for Hartford Yard Goats : LHP Domenic Wells
|
|
Now at 1B: John Corfield
|
|
|
Now at 3B: Willie Benito
|
|
|
Batting: RHB John DeVillier
|
0-0: Ground out 6-3 (Groundball, 6, EV 76.9 MPH)
|
|
Batting: RHB Seung-mun Kim
|
0-0: Ball 1-0: Ball 2-0: Ball 3-0: Called Strike 3-1: Foul Ball, location: 2F 3-2: Base on Balls
|
|
Batting: RHB Terrence Wilson
|
0-0: Swinging Strike 0-1: Ball 1-1: Swinging Strike 1-2: Strikes out swinging
|
|
Batting: RHB Tim Moore
|
0-0: Ball 1-0: Swinging Strike 1-1: Ground out 4-3 (Groundball, 4, EV 107.5 MPH)
|
| Top of the 8th over - 0 runs, 0 hits, 0 errors, 1 left on base; West Virginia 4 - Hartford 5 |
| BOTTOM OF THE 8TH |
|
Hartford Yard Goats batting - Pitching for West Virginia Power : RHP Adam Monge
|
|
Pitching: RHP Joe Simanton
|
|
|
Batting: SHB Justin Jackson
|
0-0: Called Strike 0-1: Ball 1-1: Foul Ball, location: 2F 1-2: Hit by Pitch
|
|
Batting: RHB Ighlas Mwara
|
0-0: Ground out 5-3 (Groundball, P, EV 90.0 MPH) Justin Jackson to second
|
|
Batting: SHB Clayton Saunders
|
0-0: Called Strike 0-1: Ball 1-1: Ball 2-1: Foul Ball, location: 2F 2-2: Ground out U3 (Groundball, 3, EV 85.0 MPH) Justin Jackson to third
|
|
Batting: RHB Willie Benito
|
0-0: Foul Ball, location: 2F 0-1: Swinging Strike 0-2: Ball 1-2: Ball 2-2: Strikes out swinging
|
| Bottom of the 8th over - 0 runs, 0 hits, 0 errors, 1 left on base; West Virginia 4 - Hartford 5 |
| TOP OF THE 9TH |
|
West Virginia Power batting - Pitching for Hartford Yard Goats : LHP Domenic Wells
|
|
Pitching: RHP Travis Palmisano
|
|
|
Batting: RHB Brandon White
|
0-0: Foul Ball, location: 2F 0-1: Foul Ball, location: 2F 0-2: Fly out, F6 (Popup, 6, EV 76.9 MPH)
|
|
Batting: RHB Jose Almonte
|
0-0: Ball 1-0: Called Strike 1-1: Ball 2-1: Called Strike 2-2: Ball 3-2: SINGLE (Line Drive, 9LS, EV 102.5 MPH)
|
|
Batting: RHB Dave Fredericks
|
0-0: Ball 1-0: Fly out, F9 (Flyball, 9D, EV 78.1 MPH)
|
|
Batting: RHB Alain Marquet
|
0-0: Ball 1-0: Ball 2-0: Ball 3-0: Called Strike 3-1: Fielders Choice at 2nd, 6-4 (Groundball, 56D, EV 82.5 MPH)
|
| Top of the 9th over - 0 runs, 1 hit, 0 errors, 1 left on base; West Virginia 4 - Hartford 5 |
|